 Dungeon Crawl Stone Soup version 0.31-a0-202-g547052bce9 (webtiles) character file.

Game seed: 1020593421495190754

83 qw the Shooter (level 4, 0/25 HPs)
             Began as a Deep Elf Hunter on June 26, 2023.
             Slain by an orc wizard
             ... wielding a +0 dagger
              (2 damage)
             ... on level 3 of the Dungeon.
             The game lasted 00:00:45 (1916 turns).

qw the Shooter (Deep Elf Hunter)                    Turns: 1916, Time: 00:00:45

Health: 0/25       AC:  6    Str: 10    XL:     4   Next: 22%
Magic:  6/6        EV: 11    Int: 14    God:
Gold:   105        SH:  0    Dex: 18    Spells: 3/3 levels left

rFire   . . .        Y - +1 shortbow
rCold   + . .        (shield currently unavailable)
rNeg    . . .        b - +0 ring mail
rPois   .            (no helmet)
rElec   .            (no cloak)
rCorr   +            c - +0 pair of gloves
SInv    .            (no boots)
Will    .....        (no amulet) Stlth
                     k - ring of protection from cold
HPRegen 0.24/turn    l - ring of resist corrosion
MPRegen 0.10/turn

%: no passive effects
@: confused
A: no striking features
a: no special abilities


You were on level 3 of the Dungeon.
You visited 1 branch of the dungeon, and saw 3 of its levels.

You collected 105 gold pieces.


   Skills:
 - Level 1.5 Fighting
 + Level 7.6 Ranged Weapons
 - Level 2.4 Dodging
 - Level 1.2 Stealth


You had 3 spell levels left.
You didn't know any spells.
Your spell library was empty.

Inventory:

Hand Weapons
 Y - a +1 shortbow (weapon)
Armour
 b - a +0 ring mail (worn)
 c - a +0 pair of gloves (worn)
Jewellery
 k - a ring of protection from cold (left hand)
 l - a ring of resist corrosion (right hand)
Scrolls
 f - a scroll of identify
Potions
 d - a potion of attraction {unknown}
 e - a potion of haste
 g - a potion of ambrosia {unknown}
 h - 2 potions of mutation {unknown}

Dungeon Overview and Level Annotations

Branches:
Dungeon (3/15)

Altars:
Sif Muna


Message History

The orc is moderately wounded.
The orc closely misses you. The orc hits you but does no damage.
A giant cockroach comes into view.
You shoot an arrow. The arrow barely misses the orc.
You hear some strange, mumbled words.
Something tries to affect you, but you resist.
The orc closely misses you. The orc misses you.
You shoot an arrow. The arrow hits the orc.
The orc is almost dead.
The orc closely misses you. The orc misses you.
You hear some strange, mumbled words.
A puff of flame appears from out of thin air!
The puff of flame hits you. The orc hits you with a +0 whip.
The orc hits you but does no damage.
You shoot an arrow. The arrow hits the orc.
You kill the orc!
The orc misses you.
You hear some strange, mumbled words.
A puff of flame appears from out of thin air!
The puff of flame hits you!
You shoot an arrow. The arrow hits the orc.
The orc is heavily wounded.
You hear some strange, mumbled words.
You are confused.
The orc hits you but does no damage. Something hits you.
The orc hits you but does no damage. The giant cockroach bites you.
The giant cockroach barely misses you.
You hear some strange, mumbled words.
You are more confused.
The orc closely misses you.
The giant cockroach bites you but does no damage.
Something hits you. The orc hits you with a +0 whip.
The giant cockroach bites you. Something hits you. The orc barely misses you.
The giant cockroach closely misses you.
You hear some strange, mumbled words.
Something tries to affect you, but you resist.
The orc closely misses you. The giant cockroach closely misses you.
Something hits you.
You die...

...##....... ##..#.._....##
.............# # ............#
### #...........# ....>
#####..#..)....# #####
o.....##{oB..# ##
#.##...##@...# #.
#.......)###.## #.
##..#####......# # #.
#..#..)#...#..##..# .# ##
#.......#...#.##..#####.######
##.....#...#..##..............
####..#####.###......########
#.........................
####...#..###.....########


You could see an orc and a giant cockroach.

Vanquished Creatures
  An adder (D:2)
  4 dart slugs
  3 orcs (D:3)
  8 endoplasms
  4 giant cockroaches
  3 goblins
  4 hobgoblins (D:2)
  7 jackals
  2 quokkas (D:2)
  6 ball pythons
  6 bats
  2 frilled lizards
  3 kobolds
  5 rats
58 creatures vanquished.

Notes
Turn   | Place    | Note
-------+----------+-------------------------------------------
     0 | D:1      | qw the Deep Elf Hunter began the quest for the Orb.
     0 | D:1      | Reached XP level 1. HP: 12/12 MP: 3/3
     0 | D:1      | 0 ||| qw: Version: 0.3-a-22-g0ed2b0b
     0 | D:1      | 0 ||| qw: Game counter: 6193
     0 | D:1      | 0 ||| qw: Melee chars always use a shield: true
     0 | D:1      | 0 ||| qw: God list: Okawaru
     0 | D:1      | 0 ||| qw: Allow faded altars: false
     0 | D:1      | 0 ||| qw: Do Orc after clearing Dungeon:15 true
     0 | D:1      | 0 ||| qw: Do second Lair branch before Depths: true
     0 | D:1      | 0 ||| qw: Lair rune preference: random
     0 | D:1      | 0 ||| qw: Goals: Normal
     0 | D:1      | 0 ||| PLANNING D:1-11
    59 | D:1      | Reached skill level 6 in Ranged Weapons
    59 | D:1      | Reached XP level 2. HP: 16/16 MP: 4/4
   231 | D:1      | 231 ||| DROPPING scroll of butterflies.
   450 | D:1      | Found a faded altar of an unknown god.
   724 | D:1      | 724 ||| UPGRADING to +0 ring mail.
   734 | D:1      | 734 ||| DROPPING +0 leather armour.
   735 | D:1      | 735 ||| READING scroll labelled ATWIC QIWOLYV.
   736 | D:1      | 736 ||| DRINKING 2 amethyst potions.
   793 | D:2      | Reached XP level 3. HP: 20/20 MP: 5/5
   871 | D:2      | 871 ||| FLEEEEING.
   872 | D:2      | 872 ||| FLEEEEING.
   873 | D:2      | 873 ||| FLEEEEING.
   874 | D:2      | 874 ||| FLEEEEING.
   875 | D:2      | 875 ||| FLEEEEING.
   876 | D:2      | 876 ||| FLEEEEING.
   954 | D:2      | Reached skill level 7 in Ranged Weapons
  1069 | D:2      | HP: 5/20 [adder (4)]
  1075 | D:2      | Reached XP level 4. HP: 8/25 MP: 6/6
  1542 | D:2      | 1542 ||| UPGRADING to +0 pair of gloves.
  1547 | D:2      | 1547 ||| UPGRADING to ring of protection from cold.
  1548 | D:2      | 1548 ||| UPGRADING to ring of resist corrosion.
  1549 | D:2      | 1549 ||| READING scroll labelled REYS GUICUCS.
  1550 | D:2      | 1550 ||| READING scroll labelled DEMMAXTIXUTH.
  1551 | D:2      | 1551 ||| READING scroll labelled WEITEOSEWKU.
  1552 | D:2      | 1552 ||| READING scroll labelled DUOLURR JETH.
  1553 | D:2      | 1553 ||| READING scroll labelled EGO SUCSAOSA.
  1555 | D:2      | 1555 ||| Stepping ~*~*~tactically~*~*~ (cloud).
  1559 | D:2      | HP: 5/25 [poisoned by you (poison gas)]
  1563 | D:2      | HP: 2/25 [poisoned by you (poison gas)]
  1884 | D:3      | 1884 ||| FLEEEEING.
  1898 | D:3      | Found a shimmering blue altar of Sif Muna.
  1913 | D:3      | HP: 4/25 [orc/+0 whip (5)]
  1914 | D:3      | HP: 1/25 [something (2)]
  1916 | D:3      | Slain by an orc wizard

Levels and vault maps discovered:
D:1:      erik_arrival_blinker_ship, layout_loops_ring, serial_glass,
          glass_columns_a, glass_columns_a, glass_columns_a, glass_columns_b,
          glass_columns_a, glass_columns_b, nicolae_ecumenical_snake_handling,
          chequers_serial_rivers_room_a, st_stairs_6
D:2:      layout_loops_ring, minmay_indecisive_spiral
D:3:      layout_loops_ring, overflow_temple_1_default, mrwooster_statue_mirror,
          nicolae_hexahallways, minmay_distorted

Skill      XL: |  1  2  3 |
---------------+----------+-----
Ranged Weapons | 6 7 |  7.6
Fighting       | |  1.5
Dodging        | |  2.4
Stealth        | |  1.2

Action                     |  1- 3 |  4- 6 || total
---------------------------+-------+-------++-------
   Fire: Shortbow          |   104 |    34 ||   138
    Use: Scroll            |     1 |     5 ||     6
         Potion            |     1 |       ||     1
 Armour: Leather armour    |     4 |       ||     4
         Ring mail         |     8 |     9 ||    17
  Dodge: Dodged            |    18 |    21 ||    39

Table legend:
 A = Non-vault XP
 B = Vault XP
 C = Vault XP percentage of total XP
 D = Non-vault monster count
 E = Vault monster count
 F = Vault count percentage of total count
                 A         B        C        D         E       F
            +---------+---------+-------+---------+---------+-------
      Total |     109 |      10 |   8.4 |      52 |       6 |  10.3
            +---------+---------+-------+---------+---------+-------
        D:1 |      36 |       2 |   5.3 |      20 |       2 |   9.1
        D:2 |      62 |       8 |  11.4 |      27 |       4 |  12.9
        D:3 |      11 |       0 |   0.0 |       5 |       0 |   0.0
            +---------+---------+-------+---------+---------+-------
